 Dungeon Crawl Stone Soup version 0.27-a0-1245-g940ed4fa31 (webtiles) character file.

Game seed: 13224144450907437614

56 mordus the Digger (level 3, -9/26 HPs)
             Began as a Draconian Earth Elementalist on June 9, 2021.
             Was a Follower of the Shining One.
             Mangled by Crazy Yiuf
             ... wielding a +2 quarterstaff of chaos
              (15 damage)
             ... on level 2 of the Dungeon.
             The game lasted 00:05:30 (1131 turns).

mordus the Digger (Draconian Earth Elementalist)    Turns: 1131, Time: 00:05:31

Health: -9/26      AC:  5    Str: 10    XL:     3   Next: 69%
Magic:  5/6        EV: 17    Int: 16    God:    the Shining One [*.....]
Gold:   66         SH:  0    Dex: 11    Spells: 2/6 levels left

rFire    . . .     SeeInvis .   c - +2 mace (vorpal)
rCold    . . .     Faith    .   (no shield)
rNeg     . . .     Spirit   .   (armour unavailable)
rPois    .         Reflect  .   (helmet restricted)
rElec    .         Harm     .   (no cloak)
rCorr    .         Rampage  .   (no gloves)
Will     .....                  (no boots)
Stlth    +.........             (no amulet)
HPRegen  0.08/turn              (no ring)
MPRegen  0.10/turn              (no ring)

@: agile, lethally poisoned (-9 -> -10), glowing
A: AC +5, unfitting armour, cold-blooded
a: Renounce Religion


You were on level 2 of the Dungeon.
You worshipped the Shining One.
The Shining One was aware of your devotion.
You visited 1 branch of the dungeon, and saw 2 of its levels.

You collected 66 gold pieces.

Inventory:

Hand Weapons
 c - a +2 vorpal mace (weapon)
Missiles
 b - 47 stones
Jewellery
 j - a ring of wizardry
Scrolls
 a - 2 scrolls of teleportation {unknown}
 d - a scroll of noise {unknown}
 e - a scroll of acquirement {unknown}
 g - 2 scrolls of identify {unknown}
 h - 2 scrolls of magic mapping {unknown}
Potions
 f - a potion of brilliance {unknown}
 i - a potion of ambrosia {unknown}
 k - a potion of mutation {unknown}
 l - a potion of curing


   Skills:
 + Level 0.0 Maces & Flails
 - Level 1.7 Dodging
 - Level 1.7 Stealth
 - Level 2.0 Spellcasting
 + Level 0.0 Conjurations
 + Level 2.2 Transmutations
 * Level 4.2 Earth Magic
 + Level 0.0 Invocations


You had 2 spell levels left.
You knew the following spells:

 Your Spells              Type           Power      Damage    Failure   Level
a - Sandblast             Erth           30%        2d9       3%          1
b - Stone Arrow           Conj/Erth      16%        3d8       26%         3

Your spell library contained the following spells:

 Spells                   Type           Power      Damage    Failure   Level
 Passwall                 Tmut/Erth      9%         N/A       9%          2
 Petrify                  Tmut/Erth      11%        N/A       50%         4
 Lee's Rapid Deconstruct  Erth           7%         3d8*      71%         5


Dungeon Overview and Level Annotations

Branches:
Dungeon (2/15)

Altars:
The Shining One

Shops:
D:2 *

Annotations:
D:2 Crazy Yiuf


Innate Abilities, Weirdness & Mutations

Your plain brown scales are hard. (AC +5)
You cannot fit into any form of body armour.
You are cold-blooded and may be slowed by cold attacks.


Message History

Casting: Sandblast (safe; 3% risk of failure)
Confirm with . or Enter, or press ? or * to list all spells.
Okay, then.
l - a sapphire potion You now have 66 gold pieces (gained 7).
Found a mace.
Found a runed translucent door.
Crazy Yiuf shouts!
You open the door. You sock Crazy Yiuf!
You tail-slap Crazy Yiuf, but do no damage.
Crazy Yiuf is moderately wounded.
Crazy Yiuf hits you with a +2 quarterstaff of chaos!
You are poisoned.
You hit Crazy Yiuf.
Your tail-slap misses Crazy Yiuf.
Crazy Yiuf is heavily wounded.
You feel very sick.
Crazy Yiuf hits you with a +2 quarterstaff of chaos.
You feel agile all of a sudden. Crazy Yiuf barely misses you.
You hit Crazy Yiuf.
Crazy Yiuf is severely wounded.
You feel sick. Crazy Yiuf barely misses you.
You hit Crazy Yiuf.
Crazy Yiuf is almost dead.
You feel sick.
Crazy Yiuf yells, "Rifle sing-song ragdoll!"
Crazy Yiuf drinks a potion.
Crazy Yiuf is healed!
Crazy Yiuf whimpers, "Dawk arga meccalolo!"
Crazy Yiuf misses you.
Casting: Sandblast (safe; 3% risk of failure)
Confirm with . or Enter, or press ? or * to list all spells.
Aiming: Sandblast (safe; 3% risk of failure)
Press: ? - help, Shift-Dir - straight line, f - Crazy Yiuf
Aim: Crazy Yiuf, wielding a +2 quarterstaff of chaos and wearing a +0 cloak (heavily wounded, haloed, 87% to hit)
The blast of sand hits Crazy Yiuf!
Crazy Yiuf is almost dead.
You feel sick.
Crazy Yiuf hits you with a +2 quarterstaff of chaos!
Ouch! That really hurt!
You die...

#####
#..)#
#...#
... #g#
♣♣@♣ ##
♣.♣♣
..(#
♣♣.♣
#....##
♣.♣♣
.......
♣♣.♣♣
#.^....
♣...♣♣
#....#
♣PPP.♣
(....#
#....#
....#
#....#


You could see Crazy Yiuf.

Vanquished Creatures
  A gnoll (D:1)
  4 dart slugs (D:1)
  3 bats (D:1)
  2 endoplasms
  2 giant cockroaches
  4 goblins (D:1)
  4 hobgoblins
  4 jackals (D:2)
  A kobold (D:1)
  A quokka (D:1)
  3 ball pythons (D:1)
  A frilled lizard (D:1)
  2 rats (D:1)
32 creatures vanquished.

Notes
Turn   | Place    | Note
-------+----------+-------------------------------------------
     0 | D:1      | mordus the Draconian Earth Elementalist began the quest for
                  | the Orb.
     0 | D:1      | Reached XP level 1. HP: 14/14 MP: 3/3
   190 | D:1      | Found a faded altar of an unknown god.
   198 | D:1      | Became a worshipper of the Shining One
   198 | D:1      | Reached * piety under the Shining One
   210 | D:1      | Reached XP level 2. HP: 9/20 MP: 5/5
   529 | D:1      | Reached XP level 3. HP: 23/26 MP: 1/6
   697 | D:1      | Reached skill level 4 in Earth Magic
   992 | D:2      | Learned a level 3 spell: Stone Arrow
  1048 | D:2      | Found Tufeuli's Assorted Antiques.
  1122 | D:2      | Found a runed translucent door.
  1123 | D:2      | Noticed Crazy Yiuf
  1131 | D:2      | Mangled by Crazy Yiuf

Illustrated notes

Levels and vault maps discovered:
D:1:      dpeg_arrival_radiant, layout_basic,
          shapermc_ecumenical_altar_notcrosses
D:2:      layout_basic, basic_altar, serial_shops, shop, uniq_terence,
          uniq_jessica, uniq_crazy_yiuf_cottage

Skill      XL: |  1  2  3 |
---------------+----------+-----
Transmutations | 2 |  2.2
Earth Magic    | 4 |  4.2
Dodging        | |  1.7
Stealth        | |  1.7
Spellcasting   | |  2.0

Action                   || total
-------------------------++-------
Melee: Mace              ||    48
       Tailslap          ||     6
 Cast: Sandblast         ||    27
Armor: Skin              ||    31
Dodge: Dodged            ||    65

Table legend: (Time is in decaauts)
 A = Elapsed time spent in this place.
 B = Non-inter-level travel time spent in this place.
 C = Inter-level travel time spent in this place.
 D = Time resting spent in this place.
 E = Time spent auto-exploring this place.
 F = Levels seen in this place.
 G = Mean time per level.
                   A        B        C        D        E       F      G
               +--------+--------+--------+--------+--------+-----+--------+
         Total |   1151 |   1131 |     20 |    263 |    642 |   2 |  575.5 |
       Dungeon |   1151 |   1131 |     20 |    263 |    642 |   2 |  575.5 |
               +--------+--------+--------+--------+--------+-----+--------+

Top non-repeatable levels by time:
     D:1: 948 daAuts
     D:2: 202 daAuts
